 Dungeon Crawl Stone Soup version 0.21-a0-584-g185da8e (webtiles) character file.

28 polly the Chopper (level 3, 29/29 HPs)
             Began as a Demonspawn Berserker on Dec 22, 2017.
             Was a Believer of Trog.
             Quit the game on level 1 of the Dungeon.
             The game lasted 00:01:24 (706 turns).

polly the Chopper (Demonspawn Berserker)             Turns: 706, Time: 00:01:24

Health: 29/29      AC:  2    Str: 17    XL:     3   Next: 0%
Magic:  3/3        EV: 12    Int:  8    God:    Trog [**....]
Gold:   76         SH:  0    Dex: 13    Spells: 2/2 levels left

rFire    . . .     SeeInvis .   a - +0 hand axe
rCold    . . .     Gourm    .   (no shield)
rNeg     . . .     Faith    .   b - +0 animal skin
rPois    .         Spirit   .   (no helmet)
rElec    .         Reflect  .   (no cloak)
rCorr    .         Harm     .   (no gloves)
MR       .....                  (no boots)
Stlth    +.........             (no amulet)
HPRegen  0.09/turn              (no ring)
MPRegen  0.08/turn              (no ring)

@: no status effects
A: sanguine armour 1
a: Berserk, Trog's Hand, Burn Spellbooks, Renounce Religion


You were on level 1 of the Dungeon.
You worshipped Trog.
Trog was pleased with you.
You were not hungry.

You visited 1 branch of the dungeon, and saw 1 of its levels.

You collected 76 gold pieces.

Inventory:

Hand Weapons
 a - a +0 hand axe (weapon)
Armour
 b - a +0 animal skin (worn)
 e - a +0 helmet
Scrolls
 d - 2 scrolls of remove curse {unknown}
 f - a scroll of teleportation {unknown}
 h - a scroll of magic mapping {unknown}
 i - a scroll of random uselessness {unknown}
 k - a scroll of identify {unknown}
Potions
 g - a potion of heal wounds {unknown}
 j - a potion of might {unknown}
Comestibles
 c - a ration


   Skills:
 + Level 3.2 Fighting
 + Level 3.3 Axes
 + Level 1.8 Armour
 + Level 2.2 Dodging


You had 2 spell levels left.
You didn't know any spells.

Dungeon Overview and Level Annotations

Branches:
Dungeon (1/15)

Altars:


Innate Abilities, Weirdness & Mutations

When seriously injured, your bleeding wounds create armour. (AC +0)


Message History

Things that are here:
a club; a hobgoblin corpse
k - a scroll labeled SAAFECL XURECI You see here a chain mail.
The bat is too close now for your liking.
A bat is nearby!
A bat is nearby!
A bat is nearby!
The bat misses you.
You closely miss the bat. The bat barely misses you.
The bat completely misses you. The bat barely misses you.
You hit the bat.
You kill the bat!
Trog accepts your kill.
You can now call upon Trog for regeneration and protection from hostile enchantments.
You have reached level 3!
Your experience leads to an increase in your attributes!
Increase (S)trength, (I)ntelligence, or (D)exterity?
You feel agile.
Are you sure you want to abandon this character and quit the game? (Confirm with "yes".)

#......(# #### #.......#
#... #.......# #...
###...>...# #...
#......#### #... #.####.#
#... #.# #.# #... #.#
#.################ #...
#.# #.#....†@........#
#... #.#
#.#.###########.#########
#.# #.#
#.#########.......# # #.#
#.# #.........'..(..[.# #
#.# #.#
#.#########.......# #.#
#.#.#.# #.......### #.#
#.#.#.# #)......##. #.#
#.#.# #.......##. #.#
#.#.# #.......##.


There were no monsters in sight!

Vanquished Creatures
  An ooze (D:1)
  A dart slug (D:1)
  2 bats (D:1)
  2 giant cockroaches (D:1)
  3 goblins (D:1)
  3 hobgoblins (D:1)
  2 ball pythons (D:1)
  3 frilled lizards (D:1)
  2 kobolds (D:1)
  3 rats (D:1)
22 creatures vanquished.

Notes
Turn   | Place    | Note
-------+----------+-------------------------------------------
     0 | D:1      | polly the Demonspawn Berserker began the quest for the Orb.
     0 | D:1      | Reached XP level 1. HP: 18/18 MP: 1/1
   253 | D:1      | Gained mutation: When seriously injured, your bleeding wounds create armour. (AC +0) [demonic ancestry]
   253 | D:1      | Reached XP level 2. HP: 24/24 MP: 2/2
   705 | D:1      | Reached ** piety under Trog
   705 | D:1      | Reached XP level 3. HP: 29/29 MP: 3/3
   706 | D:1      | Quit the game

Vault maps used:
D:1:      dpeg_arrival_arbitrary_c

Skill      XL: |  1  2 |
---------------+-------+-----
Axes           | 3 |  3.3
Dodging        | 2 |  2.2
Fighting       | |  3.2
Armour         | |  1.8

Action                   || total
-------------------------++-------
Melee: Hand axe          ||    71
 Stab: Sleeping          ||     1
Armor: Animal skin       ||    11
Dodge: Dodged            ||    48

Table legend:
 A = Spawn XP
 B = Non-spawn XP
 C = Spawn XP percentage of total XP
 D = Spawn monster count
 E = Non-spawn monster count
 F = Spawn count percentage of total count
 G = Total turns spent on level
                    A         B        C        D         E        F      G
               +---------+---------+-------+---------+---------+-------+---------
         Total |       0 |      41 |   0.0 |       0 |      22 |   0.0 |   706
               +---------+---------+-------+---------+---------+-------+---------
           D:1 |       0 |      41 |   0.0 |       0 |      22 |   0.0 |   706
               +---------+---------+-------+---------+---------+-------+---------
